 Dungeon Crawl Stone Soup version 0.29.0-3-gbb0933ed62 (webtiles) character file.

Game seed: 9159743239562118734

43 themarg the Insei (level 3, 0/28 HPs)
             Began as a Gnoll Transmuter on Aug 25, 2022.
             Slain by an adder (4 damage)
             ... on level 2 of the Dungeon.
             The game lasted 00:04:00 (1762 turns).

themarg the Insei (Gnoll Transmuter)                Turns: 1762, Time: 00:04:01

Health: 0/28       AC:  2    Str:  9    XL:     3   Next: 58%
Magic:  7/9        EV: 13    Int: 14    God:
Gold:   101        SH:  0    Dex: 12    Spells: 9/12 levels left

rFire   . . .      SeeInvis .   c - +0 dagger
rCold   . . .      Faith    .   (no shield)
rNeg    . . .      Spirit   .   a - +0 robe
rPois   .          Reflect  .   (no helmet)
rElec   .          Harm     .   (no cloak)
rCorr   .          Rampage  .   (no gloves)
Will    .....                   (no boots)
Stlth   +.........              (no amulet)
HPRegen 0.09/turn               (no ring)
MPRegen 0.11/turn               (no ring)

@: lethally poisoned (0 -> -3), wereblooded, very slightly contaminated
A: fangs 1, strong nose, distributed training
a: no special abilities


You were on level 2 of the Dungeon.
You visited 1 branch of the dungeon, and saw 2 of its levels.

You collected 101 gold pieces.

Inventory:

Hand Weapons
 c - a +0 dagger (weapon)
 e - a +0 whip
Armour
 a - a +0 robe (worn)
Jewellery
 h - a ring of fire
Wands
 i - a wand of quicksilver (14)
Scrolls
 d - 2 scrolls of identify {unknown}
 f - a scroll of summoning {unknown}
Potions
 b - a potion of lignification
 g - a potion of haste {unknown}


   Skills:
 + Level 2.6 Fighting
 + Level 0.9 Short Blades
 + Level 0.9 Long Blades
 + Level 0.9 Axes
 + Level 0.9 Maces & Flails
 + Level 0.9 Polearms
 + Level 0.9 Staves
 + Level 0.9 Ranged Weapons
 + Level 0.9 Throwing
 + Level 0.9 Armour
 + Level 4.5 Dodging
 + Level 0.9 Stealth
 + Level 0.9 Shields
 + Level 6.5 Unarmed Combat
 + Level 5.0 Spellcasting
 + Level 0.6 Conjurations
 + Level 0.6 Hexes
 + Level 0.6 Summonings
 + Level 0.6 Necromancy
 + Level 0.6 Translocations
 + Level 3.8 Transmutations
 + Level 0.6 Fire Magic
 + Level 0.6 Ice Magic
 + Level 0.6 Air Magic
 + Level 0.6 Earth Magic
 + Level 0.6 Poison Magic
 + Level 1.0 Invocations
 + Level 0.9 Evocations


You had 9 spell levels left.
You knew the following spells:

 Your Spells              Type           Power      Damage    Failure   Level
a - Beastly Appendage     Tmut           28%        N/A       3%          1
b - Wereblood             Tmut           14%        N/A       5%          2

Your spell library contained the following spells:

 Spells                   Type           Power      Damage    Failure   Level
 Spider Form              Tmut/Pois      9%         N/A       22%         3
 Portal Projectile        Hex/Tloc       10%        N/A       38%         3
 Tukima's Dance           Hex            5%         N/A       38%         3
 Ice Form                 Ice/Tmut       9%         N/A       56%         4
 Blade Hands              Tmut           7%         N/A       71%         5
 Hailstorm                Conj/Ice       5%         3d4       80%         4
 Simulacrum               Ice/Necr       2%         N/A       100%        6


Dungeon Overview and Level Annotations

Branches:
Dungeon (2/15)

Altars:


Innate Abilities, Weirdness & Mutations

You have very sharp teeth.
Your uncanny sense of smell can sniff out nearby items.
Your experience applies equally to all skills.


Message History

The jackal bites you.
You hit the jackal.
The jackal is heavily wounded.
You howl as the wereblood boils in your veins!
The jackal barely misses you. The jackal closely misses you.
You hit the jackal. Your kick misses the jackal.
You bite the jackal, but do no damage.
The jackal is severely wounded.
The jackal bites you but does no damage.
The jackal closely misses you. x2; The jackal bites you.
You closely miss the jackal. You claw the jackal.
You feel a bit better.
You kill the jackal!
The jackal barely misses you.
You miss the jackal. You claw the jackal.
The jackal is severely wounded.
Your horns disappear.
Your talons disappear.
The jackal misses you.
You hit the jackal.
You feel a bit better.
You kill the jackal!
You barely miss the adder. The adder bites you.
You are poisoned.
The adder poisons you!
Casting: Wereblood (safe; 5% risk of failure)
Confirm with . or Enter, or press ? or * to list all spells.
You miscast Beastly Appendage.
You are very lightly contaminated with residual magic.
Nothing appears to happen.
You feel sick. The adder bites you. The adder misses you.
You barely miss the adder.
You feel sick. The adder bites you.
You hit the adder.
The adder is moderately wounded.
You feel sick. The adder bites you.
* * * LOW HITPOINT WARNING * * *
You barely miss the adder. You bite the adder.
The adder is heavily wounded.
* * * LOW HITPOINT WARNING * * *
You feel sick.
You hear a shout!
The adder completely misses you. The adder bites you.
You die...

#..#.........
#..###.#.....
#..###.####..
#......# #...
##.##### #...
#########.#
#...
#.........#
##..
#####.##S##.###
#####>
......†@.##<#
#....<
..###.#####.#
#.###. # #.#
#.#### ..#
#.##.. ###
#..... ###.....
#.......
###.#.##.#
#...#.....


You could see an adder.

Vanquished Creatures
  An adder (D:2)
  2 bats
  3 endoplasms
  2 goblins
  2 hobgoblins (D:2)
  6 jackals (D:2)
  4 kobolds (D:1)
  A quokka (D:1)
  3 ball pythons (D:2)
  2 frilled lizards (D:2)
  2 rats (D:1)
28 creatures vanquished.

Notes
Turn   | Place    | Note
-------+----------+-------------------------------------------
     0 | D:1      | themarg the Gnoll Transmuter began the quest for the Orb.
     0 | D:1      | Reached XP level 1. HP: 17/17 MP: 6/6
   604 | D:1      | Reached XP level 2. HP: 19/23 MP: 5/7
   607 | D:1      | Learned a level 2 spell: Wereblood
  1180 | D:2      | Reached skill level 5 in Spellcasting
  1180 | D:2      | Reached XP level 3. HP: 15/28 MP: 5/9
  1509 | D:2      | Reached skill level 1 in Invocations
  1762 | D:2      | Slain by an adder

Illustrated notes

Levels and vault maps discovered:
D:1:      elethiomel_arrival_infinity_welcomes_careful_drivers,
          layout_loops_corners
D:2:      layout_loops_cross

Skill      XL: |  1  2  3 |
---------------+----------+-----
Spellcasting   | 5 |  5.0
Invocations    | 1 |  1.0
Fighting       | |  2.6
Short Blades   | |  0.9
Long Blades    | |  0.9
Axes           | |  0.9
Maces & Flails | |  0.9
Polearms       | |  0.9
Staves         | |  0.9
Ranged Weapons | |  0.9
Throwing       | |  0.9
Armour         | |  0.9
Dodging        | |  4.5
Stealth        | |  0.9
Shields        | |  0.9
Unarmed Combat | |  6.5
Conjurations   | |  0.6
Hexes          | |  0.6
Summonings     | |  0.6
Necromancy     | |  0.6
Translocations | |  0.6
Transmutations | |  3.8
Fire Magic     | |  0.6
Ice Magic      | |  0.6
Air Magic      | |  0.6
Earth Magic    | |  0.6
Poison Magic   | |  0.6
Evocations     | |  0.9

Action                   || total
-------------------------++-------
Melee: Unarmed           ||     6
       Dagger            ||    74
       Whip              ||     4
       Club              ||     3
       Kick              ||    18
       Headbutt          ||     7
       Punch             ||     4
       Bite              ||     8
 Cast: Beastly Appendage ||    19
       Wereblood         ||     3
Armor: Robe              ||     9
Dodge: Dodged            ||    77
